 Dungeon Crawl Stone Soup version 0.21-a0-55-gb612c23 (webtiles) character file.

334 Jienny the Caller (level 6, -6/41 HPs)
             Began as a Mummy Summoner on June 14, 2017.
             Killed by divine providence
             ... invoked by an orc priest
              (16 damage)
             ... on level 4 of the Dungeon.
             The game lasted 00:27:28 (3817 turns).

Jienny the Caller (Mummy Summoner)                  Turns: 3817, Time: 00:27:28

Health: -6/41      AC:  4    Str: 11    XL:     6   Next: 27%
Magic:  1/10       EV: 12    Int: 16    God:
Gold:   197        SH:  0    Dex: 13    Spells: 7/10 levels left

rFire    . . .     SeeInvis .   (no weapon)
rCold    + . .     Gourm    .   (no shield)
rNeg     + + +     Faith    .   a - +0 robe
rPois    ∞         Spirit   .   (no helmet)
rElec    .         Reflect  .   j - +1 cloak
rCorr    .         Harm     .   (no gloves)
MR       .....                  (no boots)
Stlth    ++........             (no amulet)
HPRegen  0.13/turn              d - ring of protection from fire
MPRegen  0.12/turn              (no ring)

@: no status effects
A: no food or potions, fire vulnerability, cold resistance 1, negative energy
resistance 3, torment resistance, unbreathing
a: no special abilities


You were on level 4 of the Dungeon.
You were not hungry.

You visited 1 branch of the dungeon, and saw 4 of its levels.

You collected 197 gold pieces.

Inventory:

Armour
 a - a +0 robe (worn)
 g - a scarf of repulsion
 j - a +1 cloak (worn)
Jewellery
 d - a ring of protection from fire (left hand)
Wands
 c - a wand of scattershot (3/9)
 f - a wand of scattershot (3/9)
 h - a wand of lightning (13/15)
Scrolls
 e - 5 scrolls of remove curse
 i - a scroll of teleportation {unknown}
 k - a scroll of fog {unknown}
 l - a scroll of recharging {unknown}
Books
 b - a book of Callings

   Spells                             Type                      Level
   a - Summon Small Mammal            Summoning                    1
   b - Call Imp                       Summoning                    2
   c - Call Canine Familiar           Summoning                    3
   d - Summon Guardian Golem          Hexes/Summoning              3
   e - Summon Lightning Spire         Summoning/Air                4
   f - Summon Ice Beast               Ice/Summoning                4
 m - a book of Minor Magic

   Spells                             Type                      Level
   a - Magic Dart                     Conjuration                  1
   b - Blink                          Translocation                2
   c - Call Imp                       Summoning                    2
   d - Slow                           Hexes                        2
   e - Conjure Flame                  Conjuration/Fire             3
   f - Mephitic Cloud                 Conjuration/Poison/Air       3


   Skills:
 - Level 1.5 Dodging
 - Level 1.5 Stealth
 - Level 2.9 Spellcasting
 + Level 6.2 Summonings


You had 7 spell levels left.
You knew the following spells:

 Your Spells              Type           Power        Failure   Level  Hunger
a - Summon Small Mammal   Summ           ###.         1%          1    N/A
b - Call Imp              Summ           ###.....     2%          2    N/A

Dungeon Overview and Level Annotations

Branches:
Dungeon (4/15)
 Temple: D:4-7

Altars:
Ashenzari
Hepliaklqana
Makhleb
Qazlal
Ru
Wu Jian
Xom
Zin


Innate Abilities, Weirdness & Mutations

You do not eat or drink.
Your flesh is vulnerable to fire.
You are immune to poison.
Your flesh is cold resistant. (rC+)
You are immune to negative energy. (rN+++)
You are immune to unholy pain and torment.
You can survive without breathing.


Message History

You don't have enough magic to cast that spell.
Your crimson imp disappears in a puff of smoke!
Your shadow imp hits the orc priest.
The orc priest casts a cantrip, but nothing happens.
Your crimson imp disappears in a puff of smoke!
Your shadow imp hits the orc priest.
The orc priest begins to cast a cantrip, but forgets the words!
Your shadow imp barely misses the orc priest.
The orc priest hits your shadow imp with a club.
Your shadow imp hits the orc priest.
The orc priest dies!
The orc priest invokes the aid of Beogh against you.
Beogh smites you!
The orc priest calls down the wrath of Beogh upon you.
Beogh smites you!
* * * LOW HITPOINT WARNING * * *
You swap places.
The orc priest mumbles some strange prayers to Beogh against you.
Beogh smites you!
You die...

#.##.....#.#
#.#......# .
#.#.#...##
##.#.#####
####....######.#
......#.........#
#####....########
##.#.#
#.#@########
#.#55.5oo...
#.#########. #.


You could see an orc priest, an orc, a friendly crimson imp, a friendly white
imp and a friendly shadow imp.

Vanquished Creatures
  A bat (D:1)
1 creature vanquished.

Vanquished Creatures (collateral kills)
  A phantom (D:3)
  An ogre (D:4)
  A hound (D:4)
  An orc wizard (D:3)
  5 orc priests
  Terence (D:3)
  A worker ant (D:4)
  3 gnolls (D:3)
  8 adders
  A worm (D:2)
  2 dart slugs (D:1)
  A leopard gecko (D:3)
  7 orcs (D:3)
  6 bats
  6 giant cockroaches
  14 goblins
  12 hobgoblins
  2 jackals (D:3)
  A quokka (D:2)
  A ball python (D:3)
  3 frilled lizards
  11 kobolds
  A leopard gecko skeleton (D:4)
  8 rats
98 creatures vanquished.

Vanquished Creatures (others)
  A rat (D:3)
1 creature vanquished.

Grand Total: 100 creatures vanquished

Notes
Turn   | Place    | Note
-------+----------+-------------------------------------------
     0 | D:1      | Jienny the Mummy Summoner began the quest for the Orb.
     0 | D:1      | Reached XP level 1. HP: 13/13 MP: 4/4
   730 | D:1      | Reached XP level 2. HP: 19/19 MP: 1/5
   742 | D:1      | Learned a level 2 spell: Call Imp
  1432 | D:2      | Reached skill level 4 in Summonings
  1436 | D:2      | Found an ornate altar of the Wu Jian Council.
  1581 | D:2      | Reached XP level 3. HP: 24/24 MP: 2/7
  1805 | D:2      | Found a shattered altar of Ashenzari.
  2084 | D:2      | Found a glowing silver altar of Zin.
  2094 | D:2      | Found a hazy altar of Hepliaklqana.
  2097 | D:2      | Found a sacrificial altar of Ru.
  2104 | D:2      | Found a burning altar of Makhleb.
  2299 | D:3      | Found a stormy altar of Qazlal.
  2312 | D:3      | Reached XP level 4. HP: 30/30 MP: 1/8
  2663 | D:3      | Noticed Terence
  2693 | D:3      | Killed Terence
  2864 | D:3      | Found a shimmering altar of Xom.
  2867 | D:3      | Found a shimmering altar of Xom.
  2894 | D:3      | Reached skill level 5 in Summonings
  2911 | D:3      | Reached XP level 5. HP: 18/35 MP: 1/9
  3435 | D:3      | Noticed a phantom
  3519 | D:3      | Killed a phantom
  3566 | D:4      | Noticed an ogre
  3593 | D:4      | Killed an ogre
  3593 | D:4      | Reached skill level 6 in Summonings
  3593 | D:4      | Reached XP level 6. HP: 39/41 MP: 0/10
  3817 | D:4      | Killed from afar by an orc priest

Vault maps used:
D:1:      dpeg_arrival_chambers_temple_mockup, serial_forest,
          infiniplex_forest_lined_2, infiniplex_forest_end_3,
          infiniplex_forest_clump_curved, infiniplex_forest_clump_curved,
          infiniplex_forest_clump_long, infiniplex_forest_end_2,
          infiniplex_forest_diagonal, infiniplex_forest_clump_long,
          minmay_misc_feat_rows
D:2:      cheibrodos_greedy_goblins, ashenzari_conservatory_becter,
          old_standard_altar, grunt_temple_overflow_cloverleaf, first_bread
D:3:      grunt_qazlal_clouds, xom_redecorated, uniq_terence
D:4:      minmay_temple_entry_statues_pillars, minmay_checkerbox

Skill      XL: |  1  2  3  4  5 |
---------------+----------------+-----
Summonings     | 4 5 6 |  6.2
Dodging        | |  1.5
Stealth        | |  1.5
Spellcasting   | |  2.9

Action                   |  1- 3 |  4- 6 || total
-------------------------+-------+-------++-------
Melee: Unarmed           |     3 |     3 ||     6
 Cast: Summon Small Mamm |    36 |       ||    36
       Call Imp          |    50 |    70 ||   120
  Use: Scroll            |       |     5 ||     5
Armor: Robe              |     8 |     6 ||    14
Dodge: Dodged            |    22 |    21 ||    43
       Deflected         |     1 |       ||     1
